 Dungeon Crawl Stone Soup version 0.18-a0-739-gdae9da8 (webtiles) character file.

109 M4edhros the Charlatan (level 4, -1/28 HPs)
             Began as an Octopode Artificer on Dec 11, 2015.
             Slain by Duvessa
             ... wielding a +0 short sword
              (4 damage)
             ... on level 4 of the Dungeon.
             The game lasted 00:01:26 (1087 turns).

M4edhros the Charlatan (Octopode Artificer)         Turns: 1087, Time: 00:01:26

Health: -1/28      AC:  1    Str: 10    XL:     4   Next: 89%
Magic:  7/7        EV: 12    Int: 15    God:
Gold:   52         SH:  0    Dex: 12    Spells: 0 memorised, 3 levels left

rFire  . . .     SeeInvis .     a - +0 short sword
rCold  . . .     Clarity  .     (no shield)
rNeg   . . .     SustAt   .     (helmet restricted)
rPois  .         Gourm    .     (no amulet)
rElec  .         Spirit   .     (no ring)
rCorr  .         Dismiss  .     (no ring)
rMut   .         Stasis   .     (no ring)
MR     .....                    (no ring)
Stlth  ++++......               (no ring)
                                (no ring)
                                (no ring)
                                (no ring)

@: not resistant to hostile enchantments, stealthy
A: almost no armour, amphibious, 8 rings, constrict 8, camouflage 1, gelatinous
body 1
a: no special abilities


You were on level 4 of the Dungeon.
You were hungry.

You visited 1 branch of the dungeon, and saw 4 of its levels.

You collected 52 gold pieces.

Inventory:

Hand Weapons
 a - a +0 short sword (weapon)
Missiles
 n - 47 stones (quivered)
Wands
 b - a wand of flame (14)
 c - a wand of enslavement (10)
 d - a wand of random effects (13)
Scrolls
 f - 2 scrolls of recharging {unknown}
 g - a scroll of enchant armour {unknown}
 h - a scroll of teleportation {unknown}
 j - 3 scrolls of identify {unknown}
 k - a scroll of enchant weapon {unknown}
 l - a scroll of noise {unknown}
 m - a scroll of blinking {unknown}
Potions
 i - a potion of curing {unknown}
 o - a potion of heal wounds {unknown}
Comestibles
 e - 2 bread rations


   Skills:
 - Level 1.0 Fighting
 - Level 1.0 Short Blades
 - Level 2.0 Dodging
 + Level 4.6 Stealth
 + Level 4.8 Evocations


You had 3 spell levels left.
You didn't know any spells.

Dungeon Overview and Level Annotations

Branches:
Dungeon (4/15)
 Temple: D:4-7

Altars:
Dithmenos
Fedhas
Ru

Annotations:
D:4 Dowan, Duvessa


Innate Abilities, Weirdness & Mutations

You cannot wear most types of armour.
You are amphibious.
You can wear up to eight rings at the same time.
You can use your tentacles to constrict eight enemies at once.
Your skin changes colour to match your surroundings (Stealth).
Your rubbery body absorbs attacks (AC +1).


Message History

Zapping:
c - a wand of enslavement (13)
Press: ? - help, Shift-Dir - straight line, f/p - Duvessa
Aim: Duvessa, wielding a short sword and wearing a scale mail (chance to defeat MR: 38%) Duvessa resists with some effort.
This wand has 12 charges left.
Duvessa barely misses you.
Evoke which item? (* to show all) (? for menu, Esc to quit)
Zapping:
c - a wand of enslavement (12)
Press: ? - help, Shift-Dir - straight line, f/p - Duvessa
Aim: Duvessa, wielding a short sword and wearing a scale mail (chance to defeat MR: 38%) Duvessa resists with some effort.
This wand has 11 charges left.
Duvessa closely misses you.
Dowan drinks a potion.
Dowan seems to speed up.
Evoke which item? (* to show all) (? for menu, Esc to quit)
Zapping:
c - a wand of enslavement (11)
Press: ? - help, Shift-Dir - straight line, f/p - Duvessa
Aim: Duvessa, wielding a short sword and wearing a scale mail (chance to defeat MR: 38%) Duvessa resists with some effort.
This wand has 10 charges left.
Dowan zaps a wand.
The puff of flame hits you!
* * * LOW HITPOINT WARNING * * *
Duvessa hits you with a short sword.
You die...

....... .#
........# #
###.... ..#
#.#.........
........#.#####
.......ee......
........#
..#######.#e#.##
.......@.........
#.#....e#.....###
#####.#........
#.#.....###
........#
.....##.# .......
.# ...#... #


You could see Duvessa and Dowan.

Vanquished Creatures
  The ghost of M4edhros the Charlatan, a weakling OpAr (D:3)
  A worker ant (D:3)
  2 adders
  An ooze (D:1)
  3 worms
  An orc (D:3)
  4 goblins
  2 hobgoblins (D:2)
  A quokka (D:3)
  3 jackals (D:2)
  A kobold (D:2)
  2 rats (D:1)
22 creatures vanquished.

Notes
Turn   | Place    | Note
--------------------------------------------------------------
     0 | D:1      | M4edhros the Octopode Artificer began the quest for the Orb.
     0 | D:1      | Reached XP level 1. HP: 13/13 MP: 3/3
    82 | D:1      | Reached XP level 2. HP: 18/18 MP: 4/4
   389 | D:2      | Reached skill level 4 in Evocations
   389 | D:2      | Reached XP level 3. HP: 11/23 MP: 4/6
   630 | D:3      | Found a shadowy altar of Dithmenos.
   656 | D:3      | Found a blossoming altar of Fedhas.
   711 | D:3      | Reached XP level 4. HP: 13/28 MP: 7/7
   893 | D:3      | Found a sacrificial altar of Ru.
   966 | D:3      | Noticed M4edhros's ghost (weakling OpAr)
   997 | D:3      | Killed M4edhros's ghost
  1047 | D:4      | Noticed Duvessa
  1048 | D:4      | Noticed Dowan
  1087 | D:4      | Slain by Duvessa

Vault maps used:
D:1:      lemuel_arrival_funnel, lemuel_old_faithful
D:2:      uniq_natasha, uniq_terence
D:3:      lemuel_coloured_pillars_altar, nicolae_overflow_crystal_walls,
          nicolae_dithmenos_through_a_glass_darkly, first_bread
D:4:      old_standard_altar, kennysheep_little_box,
          nemelex_xobeh_ov_fountains_minmay, uniq_duvessa, uniq_blork_the_orc

Action                   |  1- 3 |  4- 6 || total
-------------------------+-------+-------++-------
Melee: Short sword       |    39 |    30 ||    69
Evoke: Wand              |     1 |     7 ||     8
 Stab: Sleeping          |     9 |       ||     9
